 Dungeon Crawl Stone Soup version 0.23.2-30-g0e89c35649 (webtiles) character file.

Game seed: 0

8 Scud the Grasshopper (level 2, -1/15 HPs)
             Began as a Spriggan Warper on Feb 28, 2019.
             Slain by a kobold
             ... wielding a +0 whip
              (6 damage)
             ... on level 1 of the Dungeon on June 16, 2019.
             The game lasted 00:02:26 (649 turns).

Scud the Grasshopper (Spriggan Warper)               Turns: 649, Time: 00:02:26

Health: -1/15      AC:  2    Str:  7    XL:     2   Next: 0%
Magic:  6/6        EV: 19    Int: 14    God:
Gold:   30         SH:  0    Dex: 15    Spells: 6/6 levels left

rFire    . . .     SeeInvis +   a - +0 short sword
rCold    . . .     Gourm    .   (shield restricted)
rNeg     . . .     Faith    .   b - +0 robe
rPois    .         Spirit   .   (helmet restricted)
rElec    .         Reflect  .   (no cloak)
rCorr    .         Harm     .   (gloves unavailable)
MR       .....                  (boots unavailable)
Stlth    ++........             (no amulet)
HPRegen  0.05/turn              (no ring)
MPRegen  0.10/turn              (no ring)

@: very quick
A: very small, unfitting armour, see invisible, herbivore, speed 3, slow
metabolism 2
a: no special abilities


You were on level 1 of the Dungeon.
You were not hungry.

You visited 1 branch of the dungeon, and saw 1 of its levels.

You collected 30 gold pieces.

Inventory:

Hand Weapons
 a - a +0 short sword (weapon)
Missiles
 e - 5 tomahawks of dispersal (quivered)
Armour
 b - a +0 robe (worn)
Scrolls
 c - a scroll of remove curse {unknown}
 d - a scroll of blinking
 g - a scroll of noise {unknown}
Potions
 h - a potion of haste {unknown}
 i - a potion of curing {unknown}
Comestibles
 f - 2 rations


   Skills:
 + Level 1.7 Fighting
 + Level 2.3 Short Blades
 + Level 1.0 Throwing
 + Level 3.8 Dodging
 + Level 0.4 Stealth
 + Level 2.8 Spellcasting
   Level 4.4 Translocations


You had 6 spell levels left.
You didn't know any spells.
Your spell library contained the following spells:

 Spells                   Type           Power        Failure   Level  Hunger
 Blink                    Tloc           N/A          5%          2    ##.....
 Gell's Gravitas          Tloc           ##........   11%         3    ###....
 Lesser Beckoning         Tloc           ##........   11%         3    ###....
 Teleport Other           Tloc           ##......     11%         3    ###....
 Shroud of Golubria       Chrm/Tloc      #.........   13%         2    ##.....
 Passage of Golubria      Tloc           N/A          34%         4    #####..


Dungeon Overview and Level Annotations

Branches:
Dungeon (1/15)

Altars:


Innate Abilities, Weirdness & Mutations

You are very small and have problems with some larger weapons.
You are too small for most types of armour.
You have supernaturally acute eyesight. (SInv)
You are a herbivore.
You cover ground extremely quickly.
You need to consume almost no food.


Message History

Press ? for a list of commands and other information.
You see here a +0 club.
i - an orange potion You start resting.
HP restored.
You now have 30 gold pieces (gained 18).
You see here a leopard gecko skeleton.
f - 2 rations (gained 1)
A kobold comes into view. It is wielding a +0 whip.
The kobold shouts!
A kobold is nearby!
A dart slug comes into view.
The kobold hits you with a +0 whip!
Found a bubbling silvery potion.
You closely miss the kobold. The kobold hits you with a +0 whip.
You hit the kobold but do no damage. The kobold completely misses you.
You hit the kobold.
The kobold is moderately wounded.
The kobold hits you with a +0 whip.
You die...

....## #รท#..# #..# #
....... #.#..# ##..####
.....#.###.#..# #.....##
...#....##.#..# #.).....
!#......##.#..# #.......
..w.....##.#..###.......
...........#.......<..##
#....K....#..........##
..#...@...#..####.#####
.....#..##.# #.# #
#.......##.# #.# #
........##.# #.# #
#########.# #.# # .# ...
. ... ...


You could see a dart slug and a kobold.

Vanquished Creatures
  A leopard gecko (D:1)
  A bat (D:1)
  A goblin (D:1)
  2 hobgoblins (D:1)
  A rat (D:1)
6 creatures vanquished.

Notes
Turn   | Place    | Note
-------+----------+-------------------------------------------
     0 | D:1      | Scud the Spriggan Warper began the quest for the Orb.
     0 | D:1      | Reached XP level 1. HP: 10/10 MP: 5/5
    56 | D:1      | Upgraded the game from 0.23.0-42-geed6394 to
                  | 0.23.2-30-g0e89c35649
   399 | D:1      | Reached XP level 2. HP: 3/15 MP: 6/6
   649 | D:1      | Slain by a kobold

Action                   || total
-------------------------++-------
Melee: Short sword       ||    41
Armor: Robe              ||     7
Dodge: Dodged            ||    46
